 Dungeon Crawl Stone Soup version 0.20.1-1-g8b1a95d (webtiles) character file.

20518 Irenicus the Black Belt (level 12, -3/72 HPs)
             Began as an Octopode Chaos Knight on Oct 8, 2017.
             Slain by a centaur warrior (4 damage)
             ... on level 13 of the Dungeon.
             The game lasted 00:53:45 (11767 turns).

Irenicus the Black Belt (Octopode Chaos Knight)    Turns: 11767, Time: 00:53:47

Health: -3/72      AC:  4    Str: 13    XL:     12   Next: 80%
Magic:  15/15      EV: 25    Int: 18    God:    Xom [.....*]
Gold:   843        SH:  0    Dex: 16    Spells: 7/15 levels left

rFire    + . .     SeeInvis +     - Unarmed
rCold    + . .     Gourm    .   (no shield)
rNeg     . . .     Faith    .   (helmet restricted)
rPois    .         Spirit   .   F - amulet of regeneration
rElec    .         Reflect  .   J - ring of protection from fire
rCorr    +         Harm     .   o - +3 ring of intelligence
MR       ++...     Rnd*Rage +   q - ring of stealth Stlth +++++.....Rnd*Tele +
                                s - ring of protection from cold
Regen    0.7/turn               G - ring of protection from magic
MPRegen  0.2/turn               R - +1 ring of evasion
                                A - ring of see invisible
                                L - ring of resist corrosion

@: lethally poisoned (-3 -> -4), berserk cooldown, slowed, very slow
A: almost no armour, stealthy swim, amphibious, 8 rings, constrict 8, repulsion
field 1, thin metallic scales 2, camouflage 1, berserk 2, magic resistance 1,
screaming 2, strong 1, teleportitis 1, gelatinous body 1
a: Renounce Religion


You were on level 13 of the Dungeon.
You worshipped Xom.
You were Xom's teddy bear.
You were not hungry.

You visited 1 branch of the dungeon, and saw 13 of its levels.

You collected 843 gold pieces.

Inventory:

Jewellery
 f - an uncursed ring of teleportation
 o - a +3 ring of intelligence (right tentacle)
 q - a ring of stealth (on tentacle)
 s - a ring of protection from cold (on tentacle)
 A - a ring of see invisible (on tentacle)
 C - an uncursed amulet of guardian spirit
 F - an amulet of regeneration (around mantle)
 G - a ring of protection from magic (on tentacle)
 J - a ring of protection from fire (left tentacle)
 L - a ring of resist corrosion (on tentacle)
 R - a +1 ring of evasion (on tentacle)
Wands
 m - a wand of iceblast (6/15)
 z - a wand of lightning (0/15)
 E - a wand of acid (1/15)
 P - a wand of lightning (5/15)
 V - a wand of flame (11/48)
Scrolls
 b - 15 scrolls of identify
 c - 3 scrolls of teleportation
 d - 2 scrolls of amnesia {unknown}
 g - 6 scrolls of remove curse
 h - 2 scrolls of summoning {unknown}
 j - 2 scrolls of immolation {unknown}
 k - a scroll of fog {unknown}
 t - 3 scrolls of enchant armour {unknown}
 v - 2 scrolls of enchant weapon {unknown}
 w - a scroll of noise {unknown}
 y - 2 scrolls of fear {unknown}
 D - 2 scrolls of blinking {unknown}
 H - 3 scrolls of recharging {unknown}
 N - a scroll of holy word {unknown}
 S - a scroll of magic mapping {unknown}
 U - a scroll of random uselessness {unknown}
Potions
 e - a potion of magic
 l - 5 potions of curing
 n - a potion of invisibility
 p - 4 potions of agility
 r - a potion of brilliance
 B - 3 potions of flight
 K - 2 potions of mutation
 X - a potion of ambrosia
Books
 M - a book of Necromancy

   Spells                             Type                      Level
   a - Pain                           Necromancy                   1
   b - Animate Skeleton               Necromancy                   1
   c - Vampiric Draining              Necromancy                   3
   d - Regeneration                   Charms/Necromancy            3
   e - Animate Dead                   Necromancy                   4
   f - Control Undead                 Necromancy                   4
 O - a book of Air

   Spells                             Type                      Level
   a - Shock                          Conjuration/Air              1
   b - Swiftness                      Charms/Air                   2
   c - Static Discharge               Conjuration/Air              3
   d - Airstrike                      Air                          4
   e - Lightning Bolt                 Conjuration/Air              5
 Q - the Almanac of the Compass
   (You found it on level 12 of the Dungeon)

   Spells                             Type                      Level
   a - Shroud of Golubria             Charms/Translocation         2
   b - Blink                          Translocation                2
   c - Teleport Other                 Translocation                3
   d - Summon Forest                  Summoning/Translocation      5
   e - Disjunction                    Translocation                8
 T - a book of Battle

   Spells                             Type                      Level
   a - Infusion                       Charms                       1
   b - Shroud of Golubria             Charms/Translocation         2
   c - Song of Slaying                Charms                       2
   d - Spectral Weapon                Hexes/Charms                 3
   e - Regeneration                   Charms/Necromancy            3
 W - a book of Flames

   Spells                             Type                      Level
   a - Flame Tongue                   Conjuration/Fire             1
   b - Throw Flame                    Conjuration/Fire             2
   c - Conjure Flame                  Conjuration/Fire             3
   d - Inner Flame                    Hexes/Fire                   3
   e - Sticky Flame                   Conjuration/Fire             4
   f - Fireball                       Conjuration/Fire             5
Comestibles
 a - 4 bread rations
 i - 5 meat rations
 u - 12 royal jellies
 x - 3 fruits
 I - 4 chunks of flesh


   Skills:
 - Level 3.0 Fighting
 + Level 11.5 Dodging
 - Level 5.1 Stealth
 - Level 15.1 Unarmed Combat
 - Level 2.0 Spellcasting
 - Level 6.3 Charms
 + Level 0.8 Necromancy
 - Level 1.0 Translocations
 - Level 1.0 Evocations


You had 7 spell levels left.
You knew the following spells:

 Your Spells              Type           Power        Failure   Level  Hunger
a - Infusion              Chrm           ###.         1%          1    #......
b - Shroud of Golubria    Chrm/Tloc      ###.......   6%          2    ###....
c - Swiftness             Chrm/Air       ##......     8%          2    ###....
d - Regeneration          Chrm/Necr      ##........   12%         3    ###....


Dungeon Overview and Level Annotations

Branches:
Dungeon (13/15)            Temple (0/1) D:7            Lair (0/6) D:8
    Orc (0/2) D:11
 Vaults: D:13-14

Altars:
Cheibriados
Dithmenos
Elyvilon
Fedhas
Gozag
Hepliaklqana
Kikubaaqudgha
Nemelex Xobeh
Qazlal
Ru
Sif Muna
Uskayaw
Vehumet
Xom
The Shining One
Beogh

Shops:
D:10 %

Annotations:
D:2 exclusion: downstairs


Innate Abilities, Weirdness & Mutations

You cannot wear most types of armour.
You are very stealthy in the water. (Stealth+)
You are amphibious.
You can wear up to eight rings at the same time.
You can use your tentacles to constrict eight enemies at once.
Your skin changes colour to match your surroundings (Stealth+).
Your rubbery body absorbs attacks. (AC +1, EV +1)
You are surrounded by a mild repulsion field. (EV +2)
You are mostly covered in thin metallic scales. (AC +3)
You often lose your temper in combat.
You are resistant to hostile enchantments. (MR+)
You sometimes yell uncontrollably at your foes.
Your muscles are strong. (Str +2)
You are occasionally teleported next to monsters.


Message History

The centaur warrior is lightly wounded.
You feel sick. The centaur warrior misses you.
The centaur warrior barely misses you.
You tentacle-slap the centaur warrior.
The centaur warrior is lightly wounded.
The centaur warrior barely misses you. The centaur warrior hits you.
* * * LOW HITPOINT WARNING * * *
Evoke which item? (* to show all) (? for menu, Esc to quit)
Aiming: Corrosive Bolt
Press: ? - help, Shift-Dir - straight line, f - centaur warrior
Aim: a centaur warrior (lightly wounded)
The bolt of acid hits the centaur warrior.
The centaur warrior is splashed with acid.
The acid corrodes the centaur warrior!
The centaur warrior is moderately wounded.
This wand has 1 charge left.
You feel sick. The centaur warrior hits you!
* * * LOW HITPOINT WARNING * * *
The centaur warrior hits you.
You die...
Xom laughs nastily!

.....## ######.###
......## #........#
.......###c.......#
.......'..........#
.......###........#
......## #.#......#
.....## #.###....#
#...## #.###.##.#
##+# #.....c@.#
#####.#### #.# #.#
#.# #.# #.# ..# #.
###


You could see a centaur warrior.

Vanquished Creatures
  A centaur warrior (D:13)
  4 two-headed ogres
  Pikel (D:4)
  2 ugly things (D:12)
  A cyclops (D:12)
  A komodo dragon (D:13)
  2 trolls
  2 hippogriffs
  A hornet (D:13)
  A centaur simulacrum (D:13)
  33 yaks
  A wyvern (D:9)
  A wraith (D:12)
  Grum (D:10)
  3 hungry ghosts
  2 acid dragons
  A water moccasin (D:10)
  5 sky beasts
  3 black bears
  5 orc warriors
  A necrophage (D:7)
  An eye of draining (D:13)
  4 wolves (D:10)
  3 phantoms
  4 ogres
  9 centaurs
  4 big kobolds
  A crocodile (D:13)
  12 bullfrogs
  5 scorpions
  7 killer bees
  5 wights
  5 howler monkeys
  9 crimson imps
  4 centaur zombies
  7 hounds
  A bullfrog zombie (D:5)
  8 orc priests
  5 jellies
  2 centaur skeletons (D:6)
  15 orc wizards
  A quasit (D:11)
  3 bullfrog skeletons
  An iguana (D:11)
  9 worker ants
  Ijyb (D:5)
  A killer bee zombie (D:5)
  2 howler monkey skeletons
  A worker ant zombie (D:5)
  A gnoll (D:6)
  18 adders
  A shadow imp (D:8)
  6 oozes
  An adder zombie (D:9)
  An adder skeleton (D:6)
  2 worms
  2 dart slugs (D:2)
  A leopard gecko (D:3)
  42 orcs
  A ball python (D:5)
  6 bats
  6 giant cockroaches
  8 goblins
  7 hobgoblins
  10 jackals
  27 kobolds
  14 quokkas
  A ball python skeleton (D:5)
  7 frilled lizards
  A jackal skeleton (D:7)
  A leopard gecko zombie (D:6)
  10 rats
376 creatures vanquished.

Vanquished Creatures (collateral kills)
  Josephine (D:12)
  A two-headed ogre (D:11)
  3 wraiths (D:12)
  2 yaks
  An orc warrior (D:11)
  A slave (D:4)
  3 wights (D:12)
  A centaur skeleton (D:7)
  2 orc wizards (D:11)
  3 orcs (D:11)
  A goblin (D:7)
19 creatures vanquished.

Vanquished Creatures (others)
  A wraith (D:12)
  An iguana (D:5)
  An orc (D:6)
  A fungus (D:8)
  2 plants
6 creatures vanquished.

Grand Total: 401 creatures vanquished

Notes
Turn   | Place    | Note
-------+----------+-------------------------------------------
     0 | D:1      | Irenicus the Octopode Chaos Knight began the quest for the Orb.
     0 | D:1      | Reached XP level 1. HP: 16/16 MP: 1/1
   164 | D:1      | Reached XP level 2. HP: 15/21 MP: 2/2
   516 | D:1      | XOM: harmless Necr miscast
   550 | D:1      | XOM: harmless Necr miscast
   590 | D:1      | Reached skill level 4 in Unarmed Combat
   634 | D:1      | Reached XP level 3. HP: 25/26 MP: 3/3
   717 | D:2      | Found a sparkling altar of Nemelex Xobeh.
   992 | D:2      | Reached XP level 4. HP: 28/31 MP: 4/4
  1088 | D:2      | XOM is BORED!
  1088 | D:2      | XOM: mild Erth miscast
  1104 | D:2      | XOM: divination: detect creatures
  1216 | D:2      | Found an opulent altar of Gozag.
  1391 | D:2      | XOM: noise
  1539 | D:2      | Reached skill level 5 in Unarmed Combat
  1896 | D:2      | XOM: scenery: create altars
  1919 | D:3      | XOM: god gift: 14 stones
  1954 | D:3      | Found a glowing golden altar of the Shining One.
  2031 | D:3      | XOM: harmless Air miscast
  2038 | D:3      | Found a sparkling altar of Nemelex Xobeh.
  2079 | D:3      | XOM: enchant monster (good)
  2279 | D:3      | Reached XP level 5. HP: 29/36 MP: 5/5
  2576 | D:3      | XOM: harmless Hex miscast
  2626 | D:3      | Reached skill level 6 in Unarmed Combat
  2653 | D:3      | Noticed an ogre
  2788 | D:3      | Killed an ogre
  2788 | D:3      | Reached XP level 6. HP: 31/42 MP: 6/6
  3330 | D:4      | Reached skill level 7 in Unarmed Combat
  3377 | D:4      | Found a shimmering altar of Xom.
  3396 | D:4      | Found an ancient bone altar of Kikubaaqudgha.
  3492 | D:4      | Reached XP level 7. HP: 35/46 MP: 7/7
  3500 | D:4      | Found a shadowy altar of Dithmenos.
  3706 | D:3      | XOM: silly message
  3716 | D:4      | XOM: potion effect (might)
  3723 | D:4      | Reached skill level 8 in Unarmed Combat
  3733 | D:4      | XOM: 3-stop teleportation journey
  4047 | D:5      | Entered Level 5 of the Dungeon
  4047 | D:5      | Noticed Pikel
  4051 | D:4      | XOM: cast spell 'Chain of Chaos'
  4052 | D:4      | XOM: summons 5 friendly demons
  4059 | D:4      | XOM: scenery: create altars
  4070 | D:4      | Killed Pikel
  4070 | D:4      | Reached skill level 10 in Unarmed Combat
  4070 | D:4      | Reached XP level 8. HP: 52/52 MP: 8/8
  4114 | D:5      | Noticed Ijyb
  4125 | D:5      | XOM: 1-stop teleportation journey
  4134 | D:5      | Killed Ijyb
  4196 | D:5      | Found a radiant altar of Vehumet.
  4196 | D:5      | Found a blossoming altar of Fedhas.
  4196 | D:5      | XOM: 6-stop teleportation journey
  4245 | D:5      | Found a deep blue altar of Sif Muna.
  4299 | D:5      | XOM: butterfly on damage
  4507 | D:5      | XOM: god gift: curved runed staff {god gift}
  4527 | D:5      | XOM: divination: detect items
  4529 | D:5      | XOM: enchant monster (good)
  4558 | D:5      | XOM: cleaving
  4739 | D:5      | Reached skill level 11 in Unarmed Combat
  4762 | D:5      | XOM: enchant monster (good)
  4828 | D:5      | XOM: harmless Erth miscast
  4841 | D:5      | XOM: summons 2 friendly demons
  4961 | D:5      | Found a hide-covered altar of Uskayaw.
  4961 | D:5      | Found a snail-covered altar of Cheibriados.
  4962 | D:5      | Found a sacrificial altar of Ru.
  5159 | D:6      | XOM: enchant monster (good)
  5172 | D:6      | Reached XP level 9. HP: 43/56 MP: 6/9
  5174 | D:6      | XOM: enchant monster (bad)
  5257 | D:6      | Found a large runed door.
  5257 | D:6      | Found a large runed door.
  5310 | D:6      | XOM: scenery: 1 doors close
  5339 | D:6      | Found a large runed door.
  5339 | D:6      | Found a large runed door.
  5398 | D:6      | XOM: divination: detect items
  5421 | D:6      | Reached skill level 12 in Unarmed Combat
  5753 | D:6      | XOM: scenery: 1 doors close
  5801 | D:6      | XOM: mild Chrm miscast
  6234 | D:7      | Noticed a troll
  6244 | D:7      | Killed a troll
  6244 | D:7      | Reached skill level 1 in Evocations
  6261 | D:7      | Reached skill level 13 in Unarmed Combat
  6265 | D:7      | XOM: 1-stop teleportation journey
  6346 | D:7      | Found a staircase to the Ecumenical Temple.
  6347 | D:7      | XOM: polymorph ball python -> goblin
  6350 | D:7      | XOM: fake destruction
  6358 | D:7      | HP: 4/84 [yak (2)]
  6369 | D:7      | Reached XP level 10. HP: 22/63 MP: 10/10
  6373 | D:7      | XOM: summons 5 friendly demons
  6386 | D:7      | XOM: give mutation
  6386 | D:7      | Gained mutation: You are robust. (+10% HP) [Xom's grace]
  6504 | D:7      | XOM: enchant monster (good)
  6540 | D:7      | XOM: mild Tmut miscast
  6550 | D:7      | Reached skill level 14 in Unarmed Combat
  6562 | D:7      | Found a stormy altar of Qazlal.
  6598 | D:7      | XOM: enchant monster (good)
  6651 | D:7      | Gained mutation: You are partially covered in thin metallic scales. (AC +2) [mutagenic meat]
  6652 | D:7      | Gained mutation: You evolve. [mutagenic meat]
  6653 | D:7      | Gained mutation: You are dopey. (Int -2) [mutagenic meat]
  6654 | D:7      | Gained mutation: You tend to lose your temper in combat. [mutagenic meat]
  6655 | D:7      | Gained mutation: Your spells are a little harder to cast, but a little more powerful. [mutagenic meat]
  6693 | D:7      | XOM: 6-stop teleportation journey
  6964 | D:8      | Found a staircase to the Lair.
  7230 | D:8      | XOM: summons friendly crimson imp
  7236 | D:8      | Reached skill level 1 in Stealth
  7399 | D:8      | XOM: draining
  7682 | D:9      | XOM: 1-stop teleportation journey
  7731 | D:9      | XOM: give mutation
  7731 | D:9      | Gained mutation: You are weak. (Str -2) [Xom's mischief]
  7736 | D:9      | XOM: mild Air miscast
  7762 | D:9      | XOM: harmless Tloc miscast
  7922 | D:9      | Noticed a two-headed ogre
  7926 | D:9      | Found a hazy altar of Hepliaklqana.
  7941 | D:9      | XOM: 1-stop teleportation journey
  8043 | D:9      | You fall through a shaft for 2 floors!
  8052 | D:11     | Found a sacrificial altar of Ru.
  8120 | D:10     | Entered Level 10 of the Dungeon
  8124 | D:10     | XOM: harmless Tloc miscast
  8130 | D:10     | Reached skill level 15 in Unarmed Combat
  8131 | D:10     | Noticed a two-headed ogre
  8138 | D:10     | XOM: swap monsters
  8150 | D:10     | XOM: potion effect (agility)
  8157 | D:9      | XOM: 3-stop teleportation journey
  8175 | D:9      | XOM: medium Fire miscast
  8183 | D:9      | Reached skill level 5 in Stealth
  8204 | D:9      | XOM: confusion
  8219 | D:9      | Found a white marble altar of Elyvilon.
  8266 | D:9      | XOM: noise
  8279 | D:9      | Reached XP level 11. HP: 55/73 MP: 11/11
  8445 | D:9      | Learned a level 1 spell: Infusion
  8464 | D:9      | Reached skill level 5 in Dodging
  8464 | D:9      | Reached skill level 1 in Charms
  8467 | D:9      | XOM: noise
  8535 | D:9      | XOM: god gift: glowing hand crossbow {god gift}
  8600 | D:9      | XOM: harmless Erth miscast
  8635 | D:10     | XOM: potion effect (berserk rage)
  8641 | D:10     | Killed a two-headed ogre
  8641 | D:10     | Reached skill level 1 in Spellcasting
  8656 | D:10     | XOM: confuse monster(s)
  8862 | D:10     | XOM: silly message
  8918 | D:10     | Noticed a two-headed ogre
  8931 | D:10     | Noticed Grum
  8956 | D:10     | XOM: noise
  8967 | D:10     | XOM: smoke on damage
  9117 | D:10     | Killed Grum
  9154 | D:10     | XOM: enchant monster (good)
  9312 | D:10     | Learned a level 2 spell: Shroud of Golubria
  9315 | D:10     | Learned a level 2 spell: Swiftness
  9348 | D:10     | XOM: silly message
  9410 | D:10     | Noticed a two-headed ogre
  9426 | D:10     | Killed a two-headed ogre
  9523 | D:10     | Killed a two-headed ogre
  9600 | D:10     | Found a snail-covered altar of Cheibriados.
  9663 | D:10     | Found Kudopluu's Food Shoppe.
  9744 | D:11     | Gained mutation: You occasionally shout uncontrollably at your foes. [evolution]
  9755 | D:11     | XOM: mild Tmut miscast
  9843 | D:11     | XOM: divination: magic mapping
  9900 | D:11     | XOM: silly message
  9901 | D:11     | Reached skill level 1 in Translocations
  9959 | D:11     | Found a staircase to the Orcish Mines.
  9965 | D:11     | Noticed a two-headed ogre
  9971 | D:11     | XOM: harmless Ice miscast
  9977 | D:11     | XOM: potion effect (magic)
  9982 | D:11     | XOM: potion effect (brilliance)
 10000 | D:11     | XOM: cast spell 'Summon Horrible Things'
 10004 | D:11     | Killed a two-headed ogre
 10167 | D:11     | XOM: scenery: 1 doors open
 10169 | D:11     | XOM: summons 3 friendly demons
 10176 | D:11     | XOM: divination: detect items
 10178 | D:11     | XOM: cast spell 'Ring of Flames'
 10185 | D:11     | Reached XP level 12. HP: 67/79 MP: 9/15
 10189 | D:11     | XOM: summons 3 friendly demons
 10200 | D:11     | XOM: mild Hex miscast
 10207 | D:11     | XOM: noise
 10325 | D:11     | XOM: stat loss: -1 Dex (14/16)
 10397 | D:11     | XOM: summons 2 friendly demons
 10461 | D:11     | Reached skill level 5 in Charms
 10510 | D:11     | Found a roughly hewn altar of Beogh.
 10845 | D:12     | XOM: divine lightning
 10847 | D:12     | Noticed Josephine
 10854 | D:12     | Killed Josephine
 10868 | D:12     | Reached skill level 10 in Dodging
 10904 | D:12     | Noticed a death knight
 10906 | D:12     | Noticed a five-headed hydra
 10927 | D:12     | Noticed a five-headed hydra
 10995 | D:12     | Noticed a two-headed ogre
 11010 | D:12     | Killed a two-headed ogre
 11025 | D:12     | Gained mutation: You often lose your temper in combat. [mutagenic meat]
 11026 | D:12     | Lost mutation: Your spells are a little harder to cast, but a little more powerful. [mutagenic meat]
 11027 | D:12     | Lost mutation: You are weak. (Str -2) [mutagenic meat]
 11091 | D:12     | XOM: confuse monster(s)
 11096 | D:12     | Lost mutation: You evolve. [potion of mutation]
 11096 | D:12     | Lost mutation: You are robust. (+10% HP) [potion of mutation]
 11096 | D:12     | Lost mutation: You are dopey. (Int -2) [potion of mutation]
 11096 | D:12     | Gained mutation: You are mostly covered in thin metallic scales. (AC +3) [potion of mutation]
 11227 | D:12     | XOM: cleaving
 11254 | D:12     | Gained mutation: You sometimes yell uncontrollably at your foes. [mutagenic meat]
 11256 | D:12     | Gained mutation: You are occasionally teleported next to monsters. [mutagenic meat]
 11257 | D:12     | Gained mutation: You are surrounded by a mild repulsion field. (EV +2) [mutagenic meat]
 11268 | D:12     | Identified the Almanac of the Compass
 11387 | D:12     | XOM: summons friendly crimson imp
 11416 | D:12     | Learned a level 3 spell: Regeneration
 11421 | D:12     | XOM: give mutations
 11421 | D:12     | Gained mutation: Your muscles are strong. (Str +2) [Xom's grace]
 11421 | D:12     | Gained mutation: You are resistant to hostile enchantments. (MR+) [Xom's grace]
 11608 | D:13     | Noticed a centaur warrior
 11622 | D:13     | XOM: noise
 11625 | D:13     | Killed a centaur warrior
 11675 | D:13     | XOM: 3-stop teleportation journey
 11705 | D:13     | XOM: polymorph howler monkey -> steam dragon
 11706 | D:13     | XOM: torment (26/72 hp)
 11712 | D:13     | XOM: confuse monster(s)
 11760 | D:13     | Noticed a centaur warrior
 11767 | D:13     | HP: 1/72 [centaur warrior (16)]
 11767 | D:13     | Slain by a centaur warrior

Skill      XL: |  1  2  3  4  5  6  7  8  9 10 11 12 |
---------------+-------------------------------------+-----
Unarmed Combat | 4 5 6 7 10 11 13 15 | 15.1
Evocations     | 1 |  1.0
Stealth        | 5 |  5.1
Dodging        | 3 8 11 | 11.5
Charms         | 4 6 |  6.3
Spellcasting   | 2 |  2.0
Translocations | 1 |  1.0
Fighting       | |  3.0
Necromancy     | |  0.8

Action                   |  1- 3 |  4- 6 |  7- 9 | 10-12 || total
-------------------------+-------+-------+-------+-------++-------
Melee: Unarmed           |    64 |   167 |   237 |   685 ||  1153
       Constrict         |    18 |    33 |    37 |    88 ||   176
       Tentacles         |    12 |    23 |    48 |   108 ||   191
       Punch             |     1 |     6 |    19 |    75 ||   101
 Cast: Infusion          |       |       |       |    17 ||    17
       Shroud of Golubri |       |       |       |    17 ||    17
       Regeneration      |       |       |       |     2 ||     2
       Swiftness         |       |       |       |     1 ||     1
Evoke: Wand              |       |       |    10 |     7 ||    17
  Use: Potion            |       |       |     9 |     9 ||    18
       Scroll            |       |       |     1 |     7 ||     8
 Stab: Sleeping          |    10 |    12 |    10 |    25 ||    57
       Distracted        |     1 |       |     2 |     2 ||     5
       Invisible         |       |       |     1 |     2 ||     3
       Paralysed         |       |       |     1 |       ||     1
       Confused          |       |       |       |     5 ||     5
  Eat: Chunk             |       |     6 |     7 |    33 ||    46
       Bread ration      |       |     1 |       |       ||     1
       Fruit             |       |       |       |     4 ||     4
Armor: Skin              |     4 |    10 |    56 |    43 ||   113
Dodge: Dodged            |    27 |   106 |   114 |   425 ||   672
